 Dungeon Sprint DCSS version 0.29-a0-321-gf1c400731a (webtiles) character file.

Game seed: 10413160284472007559

106 mhtbhm the Firebug (level 4, 0/24 HPs)
             Began as a Deep Elf Fire Elementalist on Apr 3, 2022.
             Slain by a water elemental (12 damage)
             ... in the Dungeon (Sprint III: "The Ten Rune Challenge").
             The game lasted 00:01:33 (511 turns).

mhtbhm the Firebug (Deep Elf Fire Elementalist)      Turns: 511, Time: 00:01:34

Health: 0/24       AC:  4    Str:  5    XL:     4   Next: 55%
Magic:  11/14      EV: 14    Int: 22    God:
Gold:   23         SH:  0    Dex: 15    Spells: 15/16 levels left

rFire   . . .      SeeInvis .   (no weapon)
rCold   . . .      Faith    .   (no shield)
rNeg    . . .      Spirit   .   a - +0 robe
rPois   .          Reflect  .   (no helmet)
rElec   +          Harm     .   (no cloak)
rCorr   .          Rampage  .   (no gloves)
Will    .....      NoTele   +   (no boots)
Stlth   +++.......              (no amulet)
HPRegen 0.08/turn               (no ring)
MPRegen 0.14/turn               (no ring)

@: no status effects
A: talons 1, iridescent scales 1, electricity resistance
a: no special abilities


You were in the Dungeon.
You visited 1 branch You collected 23 gold pieces.

Inventory:

Hand Weapons
 i - a +0 dagger
Armour
 a - a +0 robe (worn)
Scrolls
 g - a scroll of blinking
 k - a scroll of holy word {unknown}
 l - a scroll of fog {unknown}
 n - a scroll of immolation {unknown}
 o - a scroll of identify {unknown}
Potions
 b - 3 potions of magic
 c - a potion of curing
 d - a potion of heal wounds
 e - a potion of haste
 f - 2 potions of berserk rage
 h - a potion of resistance {unknown}
 j - a potion of mutation
 m - 2 potions of flight {unknown}
 p - a potion of attraction {unknown}


   Skills:
 + Level 4.5 Dodging
 + Level 4.0 Stealth
 + Level 6.5 Spellcasting
 + Level 2.4 Conjurations
 + Level 7.7 Fire Magic


You had 15 spell levels left.
You knew the following spells:

 Your Spells              Type           Power      Damage    Failure   Level
a - Foxfire               Conj/Fire      100%       2x1d9     1%          1

Your spell library contained the following spells:

 Spells                   Type           Power      Damage    Failure   Level
 Scorch                   Fire           82%        2d9       1%          2
 Conjure Flame            Conj/Fire      29%        6-21      3%          3
 Inner Flame              Hex/Fire       24%        N/A       5%          3
 Flame Wave               Conj/Fire      29%        2d8       11%         4
 Tukima's Dance           Hex            7%         N/A       26%         3
 Anguish                  Hex/Necr       3%         N/A       65%         4
 Enfeeble                 Hex            3%         N/A       100%        7


Dungeon Overview and Level Annotations

Branches:
Dungeon (1/1)

Altars:


Innate Abilities, Weirdness & Mutations

You have sharp toenails.
You are partially covered in iridescent scales. (AC +2)
You are resistant to electric shocks. (rElec)


Message History

f - 2 potions of berserk rage (gained 1)
m - a metallic red potion
j - 2 bubbling orange potions (gained 1)
n - a scroll labelled IXKOMO DIGI;
o - a scroll labelled JOSUAF LIMU SAI
p - a fizzy cyan potion;
m - 2 metallic red potions (gained 1)
You now have 23 gold pieces (gained 11).
It was a potion of mutation.
You feel extremely strange.
Your toenails lengthen and sharpen.
Iridescent scales grow over part of your body.
You feel insulated.
There is an open door here.
You start resting.
HP restored.
You open the door.
A water elemental comes into view.
Unknown command.
Casting: Foxfire (safe; 1% risk of failure)
Confirm with . or Enter, or press ? or * to list all spells.
You conjure some foxfire!
Unknown command.
Casting: Foxfire (safe; 1% risk of failure)
Confirm with . or Enter, or press ? or * to list all spells.
You conjure some foxfire!
The foxfire hits the water elemental.
The water elemental is burned terribly!
The water elemental is moderately damaged.
Unknown command.
Your foxfire dissipates!
The water elemental attacks as you move away!
The water elemental hits you!
Ouch! That really hurt!
The foxfire hits the water elemental.
The water elemental is burned terribly!
The water elemental is heavily damaged.
The foxfire hits the water elemental!
The water elemental is burned terribly!
The water elemental is almost destroyed.
Unknown command.
Casting: Foxfire (safe; 1% risk of failure)
Confirm with . or Enter, or press ? or * to list all spells.
You conjure some foxfire!
The water elemental hits you!
Ouch! That really hurt!
You die...

▓▓▓▓▓▓▓▓▓ ▓▓▓
▓<..#...#### ##.#
▓...#......#####..#
▓..##.......#..#..#
▓##.##.##[÷.#..#..# #+#+#
##.##.###..##'#v.#......
▓#.####.##..###.@E'.⌠....
▓.###..##..####v..#...###
▓#.....##..###....# ⌠.#
###..##...##.....# .#
##†.##...†#......# #
#..###..##.#.....# #..#
#.. ####....# ▓▓▓▓ ▓▓▓
▓▓▓▓▓▓


You could see a water elemental (ally target).

Vanquished Creatures
  A scorpion (D)
  Jessica (D)
  A human (D)
  2 rats (D)
5 creatures vanquished.

Vanquished Creatures (others)
  37 foxfires (D)
37 creatures vanquished.

Grand Total: 42 creatures vanquished

Notes
Turn   | Place    | Note
-------+----------+-------------------------------------------
     0 | D        | mhtbhm the Deep Elf Fire Elementalist began the quest for
                  | the Orb.
     0 | D        | Reached XP level 1. HP: 10/10 MP: 6/6
   129 | D        | Noticed Jessica
   133 | D        | Killed Jessica
   134 | D        | Reached skill level 5 in Fire Magic
   134 | D        | Reached XP level 2. HP: 15/15 MP: 2/9
   229 | D        | Reached skill level 5 in Spellcasting
   229 | D        | Reached skill level 6 in Fire Magic
   229 | D        | Reached XP level 3. HP: 19/19 MP: 2/11
   300 | D        | Noticed a scorpion
   310 | D        | Killed a scorpion
   311 | D        | Reached skill level 7 in Fire Magic
   311 | D        | Reached XP level 4. HP: 13/24 MP: 5/14
   391 | D        | Gained mutation: You have sharp toenails. [potion of
                  | mutation]
   391 | D        | Gained mutation: You are partially covered in iridescent
                  | scales. (AC +2) [potion of mutation]
   391 | D        | Gained mutation: You are resistant to electric shocks.
                  | (rElec) [potion of mutation]
   505 | D        | Noticed a water elemental
   511 | D        | Slain by a water elemental

Illustrated notes

Levels and vault maps discovered:
D:        dungeon_sprint_mu [sprint_mu_entry_cave, sprint_mu_temple_rooms,
          sprint_mu_d1_horrors, sprint_mu_d2_genie, sprint_mu_d3_branching,
          sprint_mu_orc_legion, sprint_mu_elf_gauntlet, sprint_mu_hive_nellie,
          sprint_mu_lair_fedhas, sprint_mu_vaults_butterflies,
          sprint_mu_slime_circle, sprint_mu_swamp_cave, sprint_mu_shoals_archi,
          sprint_mu_blade_basic, sprint_mu_crypt_lich, sprint_mu_tomb_spiral,
          sprint_mu_vestibule_basic, sprint_mu_gehenna_hellfire,
          sprint_mu_dis_giant, sprint_mu_tartarus_statrot,
          sprint_mu_cocytus_islands, sprint_mu_zot1]

Skill      XL: |  1  2  3 |
---------------+----------+-----
Dodging        | 3 4 |  4.5
Stealth        | 3 4 |  4.0
Spellcasting   | 4 5 6 |  6.5
Fire Magic     | 5 6 7 |  7.7
Conjurations   | 2 |  2.4

Action                   |  1- 3 |  4- 6 || total
-------------------------+-------+-------++-------
 Cast: Foxfire           |    22 |     3 ||    25
  Use: Potion            |       |     1 ||     1
Dodge: Dodged            |     9 |       ||     9

Table legend: (Time is in decaauts)
 A = Elapsed time spent in this place.
 B = Non-inter-level travel time spent in this place.
 C = Inter-level travel time spent in this place.
 D = Time resting spent in this place.
 E = Time spent auto-exploring this place.
 F = Levels seen in this place.
 G = Mean time per level.
                   A        B        C        D        E       F      G
               +--------+--------+--------+--------+--------+-----+--------+
         Total |    511 |    511 |      0 |    334 |     25 |   1 |  511.0 |
       Dungeon |    511 |    511 |      0 |    334 |     25 |   1 |  511.0 |
               +--------+--------+--------+--------+--------+-----+--------+

Top non-repeatable levels by time:
       D: 511 daAuts
